3L
HARTFORD WHALERS @ PHILADELPHIA 1776 BC
09/03/2021
 
TOP OF THE 1ST
Hartford Whalers batting - Pitching for Philadelphia 1776 BC : LHP Randy Hoffman
Pitching: LHP Randy Hoffman
Batting: RHB Javier Díaz 0-0: Ground out 6-3 (Groundball, 6)
Batting: RHB Russell Jackson 0-0: Foul Ball, location: 2F
0-1: SINGLE (Groundball, 6M)
Batting: LHB César Durán 0-0: Called Strike
0-1: Grounds into double play, U4-3 (Groundball, 4)
Top of the 1st over - 0 run(s), 1 hit(s), 0 error(s), 0 left on base; Hartford 0 - Philadelphia 1776 0
BOTTOM OF THE 1ST
Philadelphia 1776 BC batting - Pitching for Hartford Whalers : LHP Lorenzo Sánchez
Pitching: LHP Lorenzo Sánchez
Batting: RHB Jesús Orozco 0-0: Ball
1-0: Ball
2-0: Ball
3-0: Base on Balls
Batting: LHB Sébastien Rolland 0-0: Ball
1-0: SINGLE (Groundball, 34D) (infield hit)
Jesús Orozco to second
Batting: LHB Chris Nelson 0-0: Foul Ball, location: 2F
0-1: Ball
1-1: Ball
2-1: Foul Ball, location: 2F
2-2: Strikes out swinging
Batting: RHB Gil Moore 0-0: Called Strike
Jesús Orozco steals 3rd base
Sébastien Rolland to second
0-1: Ground out 4-3 (Groundball, 34)
Jesús Orozco scores
Sébastien Rolland to third
Batting: RHB Yuji Ine 0-0: Ball
1-0: Swinging Strike
1-1: Ground out 5-3 (Groundball, 56)
Bottom of the 1st over - 1 run(s), 1 hit(s), 0 error(s), 1 left on base; Hartford 0 - Philadelphia 1776 1
TOP OF THE 2ND
Hartford Whalers batting - Pitching for Philadelphia 1776 BC : LHP Randy Hoffman
Batting: RHB Mike Brown 0-0: Ball
1-0: Called Strike
1-1: Swinging Strike
1-2: Strikes out swinging
Batting: RHB Michael Collins 0-0: Ball
1-0: Ball
2-0: Foul Ball, location: 2F
2-1: Ball
3-1: Base on Balls
Batting: RHB Brent Burgess 0-0: Ball
1-0: Ball
2-0: Ball
3-0: Called Strike
3-1: Foul Ball, location: 2F
3-2: Foul Ball, location: 2F
3-2: Strikes out swinging
Michael Collins steals 2nd base
Batter strikes out.
Batting: LHB Norm Ortega 0-0: Ball
1-0: Swinging Strike
1-1: Fly out, F5 (Line Drive, 5)
Top of the 2nd over - 0 run(s), 0 hit(s), 0 error(s), 1 left on base; Hartford 0 - Philadelphia 1776 1
BOTTOM OF THE 2ND
Philadelphia 1776 BC batting - Pitching for Hartford Whalers : LHP Lorenzo Sánchez
Batting: LHB Manuel García 0-0: Called Strike
0-1: Ground out 5-3 (Groundball, 56)
Batting: RHB Cris López 0-0: Ball
1-0: Foul Ball, location: 2F
1-1: Foul Ball, location: 2F
1-2: Ball
2-2: Foul Ball, location: 2F
2-2: Ground out 6-3 (Groundball, 6)
Batting: RHB Dave Knight 0-0: Called Strike
0-1: Ball
1-1: Fly out, F9 (Flyball, 9M)
Bottom of the 2nd over - 0 run(s), 0 hit(s), 0 error(s), 0 left on base; Hartford 0 - Philadelphia 1776 1
TOP OF THE 3RD
Hartford Whalers batting - Pitching for Philadelphia 1776 BC : LHP Randy Hoffman
Batting: RHB Román Centena 0-0: Ball
1-0: Ball
2-0: Ball
3-0: Base on Balls
Batting: RHB Fernando Camacho 0-0: Ball
1-0: Swinging Strike
1-1: Foul Ball, location: 2F
1-2: Ball
2-2: Strikes out swinging
Batting: RHB Javier Díaz 0-0: Fielders Choice at 2nd, 1-6 (Groundball, 23)
Batting: RHB Russell Jackson 0-0: Foul Ball, location: 2F
0-1: Ball
1-1: Foul Ball, location: 2F
1-2: Foul Ball, location: 2F
1-2: Fielders Choice at 2nd, U6 (Groundball, 6M)
Top of the 3rd over - 0 run(s), 0 hit(s), 0 error(s), 1 left on base; Hartford 0 - Philadelphia 1776 1
BOTTOM OF THE 3RD
Philadelphia 1776 BC batting - Pitching for Hartford Whalers : LHP Lorenzo Sánchez
Batting: RHB António Granados 0-0: Called Strike
0-1: Ball
1-1: Called Strike
1-2: Ball
2-2: Foul Ball, location: 2F
2-2: SINGLE (Line Drive, 4D)
Batting: RHB Jesús Orozco 0-0: Ball
1-0: Swinging Strike
1-1: Grounds into double play, 5-4-3 (Groundball, 5)
Batting: LHB Sébastien Rolland 0-0: SINGLE (Groundball, 4MD)
Batting: LHB Chris Nelson 0-0: Called Strike
Sébastien Rolland is caught stealing 2nd base
Bottom of the 3rd over - 0 run(s), 2 hit(s), 0 error(s), 0 left on base; Hartford 0 - Philadelphia 1776 1
TOP OF THE 4TH
Hartford Whalers batting - Pitching for Philadelphia 1776 BC : LHP Randy Hoffman
Batting: LHB César Durán 0-0: Called Strike
0-1: Called Strike
0-2: Strikes out swinging, 2-3 out at first.
Batting: RHB Mike Brown 0-0: Ball
1-0: Foul Ball, location: 2F
1-1: SOLO HOME RUN (Flyball, 7LD), Distance : 360 ft
Batting: RHB Michael Collins 0-0: Ball
1-0: Foul Ball, location: 2F
1-1: Foul Ball, location: 2F
1-2: Ball
2-2: Ball
3-2: Foul Ball, location: 2F
3-2: Foul Ball, location: 2F
3-2: Ground out 6-3 (Groundball, 6M)
Batting: RHB Brent Burgess 0-0: Called Strike
0-1: Ball
1-1: Swinging Strike
1-2: Strikes out swinging
Top of the 4th over - 1 run(s), 1 hit(s), 0 error(s), 0 left on base; Hartford 1 - Philadelphia 1776 1
BOTTOM OF THE 4TH
Philadelphia 1776 BC batting - Pitching for Hartford Whalers : LHP Lorenzo Sánchez
Batting: LHB Chris Nelson 0-0: Ball
1-0: Ball
2-0: Called Strike
2-1: Ball
3-1: SINGLE (Groundball, 4M)
Batting: RHB Gil Moore 0-0: Ball
1-0: DOUBLE (Flyball, 8LXD)
Chris Nelson to third
Batting: RHB Yuji Ine 0-0: Fly out, F8 (Flyball, 8RS)
Batting: LHB Manuel García 0-0: Ball
1-0: SINGLE (Line Drive, 9LS)
Chris Nelson scores
Gil Moore to third
Batting: RHB Cris López 0-0: Ball
1-0: Ball
2-0: Called Strike
2-1: Grounds into double play, 3-6-3 (Groundball, 3)
Bottom of the 4th over - 1 run(s), 3 hit(s), 0 error(s), 1 left on base; Hartford 1 - Philadelphia 1776 2
TOP OF THE 5TH
Hartford Whalers batting - Pitching for Philadelphia 1776 BC : LHP Randy Hoffman
Batting: LHB Norm Ortega 0-0: Ball
1-0: Called Strike
1-1: Ground out 5-3 (Groundball, 5S)
Batting: RHB Román Centena 0-0: SINGLE (Flyball, 8LS)
Batting: RHB Fernando Camacho 0-0: Ball
Román Centena is caught stealing 2nd base
1-0: SINGLE (Groundball, 4MD)
Batting: RHB Javier Díaz 0-0: Called Strike
0-1: Ball
1-1: Swinging Strike
1-2: Ball
2-2: Strikes out swinging
Top of the 5th over - 0 run(s), 2 hit(s), 0 error(s), 1 left on base; Hartford 1 - Philadelphia 1776 2
BOTTOM OF THE 5TH
Philadelphia 1776 BC batting - Pitching for Hartford Whalers : LHP Lorenzo Sánchez
Batting: RHB Dave Knight 0-0: Foul Ball, location: 2F
0-1: Ground out 1-3 (Groundball, 15)
Batting: RHB António Granados 0-0: Ball
1-0: Foul Ball, location: 2F
1-1: Ball
2-1: Called Strike
2-2: Ball
3-2: SINGLE (Line Drive, 6D)
Batting: RHB Jesús Orozco 0-0: Ball
1-0: SINGLE (Groundball, 56D)
António Granados to second
Batting: LHB Sébastien Rolland 0-0: Called Strike
0-1: Grounds into double play, U4-3 (Groundball, 4M)
Bottom of the 5th over - 0 run(s), 2 hit(s), 0 error(s), 1 left on base; Hartford 1 - Philadelphia 1776 2
TOP OF THE 6TH
Hartford Whalers batting - Pitching for Philadelphia 1776 BC : LHP Randy Hoffman
Batting: RHB Russell Jackson 0-0: Called Strike
0-1: Ball
1-1: Ball
2-1: Ball
3-1: Called Strike
3-2: Strikes out swinging
Batting: LHB César Durán 0-0: Ball
1-0: Ball
2-0: SINGLE (Line Drive, 4D)
Batting: RHB Mike Brown 0-0: Called Strike
0-1: Ball
1-1: Ball
2-1: Foul Ball, location: 2F
2-2: Strikes out swinging
Batting: RHB Michael Collins 0-0: Called Strike
0-1: Fly out, F9 (Flyball, 89M)
Top of the 6th over - 0 run(s), 1 hit(s), 0 error(s), 1 left on base; Hartford 1 - Philadelphia 1776 2
BOTTOM OF THE 6TH
Philadelphia 1776 BC batting - Pitching for Hartford Whalers : LHP Lorenzo Sánchez
Batting: LHB Chris Nelson 0-0: Ball
1-0: Fly out, F4 (Popup, 4MD)
Batting: RHB Gil Moore 0-0: Ball
1-0: Swinging Strike
1-1: Fly out, F8 (Flyball, 8RD)
Batting: RHB Yuji Ine 0-0: Ball
1-0: Ball
2-0: Called Strike
2-1: Ball
3-1: Fly out, F7 (Flyball, 78D)
Bottom of the 6th over - 0 run(s), 0 hit(s), 0 error(s), 0 left on base; Hartford 1 - Philadelphia 1776 2
TOP OF THE 7TH
Hartford Whalers batting - Pitching for Philadelphia 1776 BC : LHP Randy Hoffman
Batting: RHB Brent Burgess 0-0: Ball
1-0: Called Strike
1-1: Foul Ball, location: 2F
1-2: Ball
2-2: Strikes out looking
Batting: LHB Norm Ortega 0-0: Ball
1-0: Ball
2-0: Ball
3-0: Called Strike
3-1: Fly out, F9 (Flyball, 89M)
Batting: RHB Román Centena 0-0: Ball
1-0: SINGLE (Flyball, 8LS)
Batting: RHB Fernando Camacho 0-0: Ball
1-0: Called Strike
1-1: Ball
2-1: Ball
3-1: Foul Ball, location: 2F
3-2: Foul Ball, location: 2F
3-2: Foul Ball, location: 2F
3-2: Fly out, F7 (Line Drive, 7LD)
Top of the 7th over - 0 run(s), 1 hit(s), 0 error(s), 1 left on base; Hartford 1 - Philadelphia 1776 2
BOTTOM OF THE 7TH
Philadelphia 1776 BC batting - Pitching for Hartford Whalers : LHP Lorenzo Sánchez
Batting: LHB Manuel García 0-0: Called Strike
0-1: Foul Ball, location: 2F
0-2: Ball
1-2: Foul Ball, location: 2F
1-2: SINGLE (Line Drive, 7S)
Batting: RHB Cris López 0-0: Bunted foul
0-1: Sac Bunt - play at first, batter OUT! 1-4
Manuel García to second
Pinch Hitting: RHB Joe Smith 0-0: Swinging Strike
0-1: Fly out, F3 (Popup, 3SF)
Batting: RHB António Granados 0-0: SINGLE (Groundball, 56S)
Manuel García to third
Runner from 3rd tries for Home, SAFE, no throw or cutoff
Batting: RHB Jesús Orozco 0-0: Swinging Strike
0-1: Called Strike
0-2: Ball
1-2: SINGLE (Line Drive, 8LS)
António Granados to second
Pinch Hitting: RHB Lance Davis 0-0: Swinging Strike
0-1: Called Strike
0-2: Foul Ball, location: 2F
0-2: Ball
1-2: Strikes out swinging
Bottom of the 7th over - 1 run(s), 3 hit(s), 0 error(s), 2 left on base; Hartford 1 - Philadelphia 1776 3
TOP OF THE 8TH
Hartford Whalers batting - Pitching for Philadelphia 1776 BC : LHP Randy Hoffman
Now at SS: Matt Brown
Now in RF: Lance Davis
Batting: RHB Javier Díaz 0-0: Fly out, F8 (Flyball, 8LM)
Batting: RHB Russell Jackson 0-0: Foul Ball, location: 2F
0-1: SOLO HOME RUN (Line Drive, 7D), Distance : 396 ft
Batting: LHB César Durán 0-0: Foul Ball, location: 2F
0-1: Called Strike
0-2: SINGLE (Line Drive, 3D)
Batting: RHB Mike Brown 0-0: Ball
1-0: Fly out, F9 (Flyball, 9LM)
Batting: RHB Michael Collins 0-0: Foul Ball, location: 2F
0-1: DOUBLE (Groundball, 5L)
César Durán to third
Runner from 3rd tries for Home, SAFE, no throw or cutoff
Batting: RHB Brent Burgess 0-0: Called Strike
0-1: Called Strike
0-2: Ball
1-2: Strikes out swinging
Top of the 8th over - 2 run(s), 3 hit(s), 0 error(s), 1 left on base; Hartford 3 - Philadelphia 1776 3
BOTTOM OF THE 8TH
Philadelphia 1776 BC batting - Pitching for Hartford Whalers : LHP Lorenzo Sánchez
Batting: LHB Chris Nelson 0-0: Called Strike
0-1: Called Strike
0-2: Ball
1-2: Ball
2-2: Foul Ball, location: 2F
2-2: Ball
3-2: Strikes out swinging
Batting: RHB Gil Moore 0-0: Swinging Strike
0-1: Ball
1-1: Ball
2-1: Ground out 4-3 (Groundball, 4)
Batting: RHB Yuji Ine 0-0: Ground out 4-3 (Groundball, 4M)
Bottom of the 8th over - 0 run(s), 0 hit(s), 0 error(s), 0 left on base; Hartford 3 - Philadelphia 1776 3
TOP OF THE 9TH
Hartford Whalers batting - Pitching for Philadelphia 1776 BC : LHP Randy Hoffman
Pinch Hitting: RHB Dave O'Day 0-0: Foul Ball, location: 2F
0-1: Called Strike
0-2: Foul Ball, location: 2F
0-2: Strikes out swinging
Batting: RHB Román Centena 0-0: Ball
1-0: Called Strike
1-1: Ball
2-1: Ball
3-1: Called Strike
3-2: SINGLE (Flyball, 4MD)
Pitching: RHP Ray Gordon
Batting: RHB Fernando Camacho 0-0: SINGLE (Groundball, 6MD)
Román Centena to second
Runner from 2nd tries for 3rd, SAFE, no throw or cutoff
Batting: RHB Javier Díaz 0-0: Foul Ball, location: 2F
0-1: Swinging Strike
0-2: Strikes out swinging
Batting: RHB Russell Jackson 0-0: Called Strike
0-1: Ball
1-1: Ball
2-1: Ball
3-1: Base on Balls
Fernando Camacho to second
Batting: LHB César Durán 0-0: Called Strike
0-1: Swinging Strike
0-2: Ball
1-2: Foul Ball, location: 2F
1-2: Ball
2-2: Ball
3-2: Strikes out looking
Top of the 9th over - 0 run(s), 2 hit(s), 0 error(s), 3 left on base; Hartford 3 - Philadelphia 1776 3
BOTTOM OF THE 9TH
Philadelphia 1776 BC batting - Pitching for Hartford Whalers : LHP Lorenzo Sánchez
Now at 2B: Dave O'Day
Pinch Hitting: RHB Ryan Simpson 0-0: Ball
1-0: Foul Ball, location: 2F
1-1: Fly out, F5 (Popup, 15)
Batting: RHB Cris López 0-0: Ball
1-0: Ball
2-0: SOLO HOME RUN (Flyball, 78XD), Distance : 426 ft
This league is powered by Out of the Park Baseball, the baseball management simulation game for PC, Mac and Linux
Friday, January 22nd, 2016 - OOTP Baseball 16.9 Build 39